groovejumper, neutral female human Wizard ----- |...| |..[. |.<.| ----------- .....#######-.)*...(... ----- |.).......| |...I.....| ------+---- groovejumper the Conjurer Experience level: 3 Strength: 11 Dexterity: 13 Constitution: 9 Intelligence: 19 Wisdom: 15 Charisma: 7 Health: 0(24) Energy: 32(32) Def: 1 Gold: 468 Moves: 1803 Dungeon seed: 4J-rZIKc8eiATl_y Game ID: groovejumper_1476107221 Your Inventory: Coins $ - 468 gold pieces Weapons a - a blessed +1 quarterstaff (weapon in hands) Armor e - an uncursed +0 cloak of magic resistance (being worn) Scrolls o - an uncursed scroll of scare monster Spellbooks b - a blessed spellbook of force bolt c - an uncursed spellbook of cause fear s - an uncursed spellbook of wizard lock Rings t - a cursed ring of free action Wands d - an uncursed wand of nothing (0:8) Tools k - an uncursed skeleton key l - an uncursed credit card Spells and supernatural/magical abilities: Name Level Category Fail Memory a - force bolt 1 attack 0% 91% c - cause fear 3 enchantment 0% 91% W - pray for help -- divine ? -- Your skills at the end: Miscellaneous Skills wands [Basic] stealth [Skilled] Weapon Skills quarterstaff [Basic] Spellcasting Skills attack spells [Basic] enchantment spells [Basic] Final Attributes: You were devoutly aligned. You were magic-protected. You were very stealthy. You are dead. Vanquished creatures: a dwarf zombie a coyote an acid blob 2 geckos a brown mold a yellow mold a gnome 2 manes 7 jackals 7 newts 3 goblins 2 grid bugs 4 lichens 33 creatures vanquished. Voluntary challenges: You did not adorn yourself with jewelry or accessories. You did not cause conflict. You were not invisible. You did not have reflection. You were not displaced. You used a wielded weapon 37 times, starting on turn 1. You did not apply a unicorn horn. You did not use plumbed fixtures. You read items or engraved 7 times, starting on turn 329. You never genocided any monsters. You never polymorphed an object. You never changed form. You used no wishes. You never split a pudding. You never wrote Elbereth's name. You violated your moral code, losing 1 point of alignment, starting on turn 1224. Dungeon overview: The Dungeons of Doom: levels 1 to 4 Level 1 some fountains a long staircase Level 2 a fountain stairs to The Gnomish Mines Level 3 a fountain Level 4 <- You were here The Gnomish Mines: Level 3 stairs to The Dungeons of Doom History has recorded: On T:1 you entered the Dungeons of Doom to retrieve the Amulet of Yendor! On T:490 you advanced to experience level 2. On T:691 you reached level 2 of The Dungeons of Doom. On T:1128 you reached level 1 of The Gnomish Mines. On T:1131 you advanced to experience level 3. On T:1229 you reached level 3 of The Dungeons of Doom. On T:1530 you prayed to Thoth. On T:1604 you reached level 4 of The Dungeons of Doom. On T:1748 you prayed to Thoth. Score breakdown: Gold: 468 ( 46 points) Experience: 3 levels ( 200 points) Exploration: 4 levels ( 90 points) Discoveries: 6 items ( 300 points) Variety of kills: 13 monsters ( 650 points) Major goal: (nothing yet) ( 0 points) Survival: died (score multiplied by 3) Total score: 3858 Latest messages: You're done throwing up. You faint from lack of food. You feel a bit steadier now. Something bites! (4x) You come to. You kill the newt! The goblin thrusts her crude dagger at the wizard. The goblin stabs you! You attack thin air. You kill the goblin! You feel less confused now. u - a labeled ELAM EBOW. You see here a crude dagger. As you read the scroll, it disappears. You feel like someone is helping you. (You can name a labeled ELAM EBOW from the item naming menu.) You faint from lack of food. You come to. You hit the iguana. The iguana bites! You hit the iguana. You faint from lack of food. Something bites! (5x) You die... Final status: Goodbye groovejumper the Wizard, killed by an iguana, while fainted from lack of food... You died in The Dungeons of Doom on dungeon level 4 with 3858 points, and 468 pieces of gold, after 1803 moves. You were level 3 with a maximum of 24 hit points when you died.